 Dungeon Crawl Stone Soup version 0.26.0-10-g1f06aea511 (webtiles) character file.

Game seed: 8778092259062730081

39111 wakim the Unseen (level 13, 0/68 HPs)
             Began as a Spriggan Enchanter on Jan 18, 2021.
             Was the Champion of Zin.
             Drowned by a water elemental (5 damage)
             ... on level 13 of the Dungeon.
             The game lasted 01:49:10 (22606 turns).

wakim the Unseen (Spriggan Enchanter)              Turns: 22606, Time: 01:49:10

Health: 0/68       AC: 10    Str:  9    XL:     13   Next: 67%
Magic:  23/23      EV: 33    Int: 17    God:    Zin [******]
Gold:   1222       SH: 12    Dex: 21    Spells: 15/24 levels left

rFire    . . .     SeeInvis +   a - +2 dagger
rCold    . . .     Faith    .   D - +0 buckler
rNeg     . . .     Spirit   .   B - +0 swamp dragon scales "Sioteb" {rElec rPois Will+ Str+3}
rPois    +         Reflect  +   (helmet restricted)
rElec    +         Harm     .   o - +2 cloak
rCorr    .         Rampage  .   (gloves unavailable)
Will     +++..                  (boots unavailable)
Stlth    ++++++....             l - amulet of reflection
HPRegen  0.21/turn              d - +4 ring of evasion
MPRegen  0.18/turn              y - +4 ring of evasion

@: engulfed (cannot breathe), very quick
A: very small, unfitting armour, see invisible, speed 3, strong 1
a: Renounce Religion, Recite, Vitalisation, Imprison, Sanctuary, Donate Gold


You were on level 13 of the Dungeon.
You worshipped Zin.
Zin was exalted by your worship.
You visited 2 branches of the dungeon, and saw 15 of its levels.
You also visited: Bailey and Gauntlet.

You collected 1357 gold pieces.
You donated 135 gold pieces to Zin.

Inventory:

Hand Weapons
 a - a +2 dagger (weapon)
 b - a +3 short sword of venom
Armour
 m - a +2 robe of fire resistance
 o - a +2 cloak (worn)
 B - the +0 swamp dragon scales "Sioteb" (worn) {rElec rPois Will+ Str+3}
   (You took it off a hobgoblin in a bailey)

   It affects your strength (+3).
   It insulates you from electricity.
   It protects you from poison.
   It affects your willpower, your defense against some magical effects.
 D - a +0 buckler (worn)
 J - +0 acid dragon scales
Jewellery
 d - a +4 ring of evasion (left hand)
 l - an amulet of reflection (around neck)
 u - an uncursed ring of flight
 y - a +4 ring of evasion (right hand)
Wands
 q - a wand of acid (20)
 x - a wand of iceblast (8)
 C - a wand of disintegration (16)
Scrolls
 c - 2 scrolls of fear
 e - 9 scrolls of remove curse
 f - 4 scrolls of teleportation
 h - 7 scrolls of identify
 i - 2 scrolls of amnesia
 n - a scroll of magic mapping
 w - 5 scrolls of immolation
 E - 2 scrolls of acquirement
 F - 2 scrolls of enchant weapon
 G - a scroll of fog
 H - a scroll of enchant armour {unknown}
Potions
 g - a potion of resistance
 j - a potion of might
 k - a potion of brilliance
 p - 5 potions of curing
 r - a potion of heal wounds
 s - a potion of cancellation
 t - 2 potions of berserk rage
 v - 2 potions of haste
 z - 3 potions of flight
 I - a potion of ambrosia {unknown}


   Skills:
 - Level 8.0 Fighting
 - Level 10.0 Short Blades
 + Level 12.6 Dodging
 + Level 15.8 Stealth
 + Level 2.7 Shields
 - Level 6.0 Spellcasting
 + Level 9.6 Hexes
 + Level 1.9 Transmutations
 * Level 7.1 Ice Magic
 + Level 1.2 Earth Magic
 + Level 6.3 Invocations


You had 15 spell levels left.
You knew the following spells:

 Your Spells              Type           Power        Failure   Level
a - Corona                Hex            41%          1%          1
b - Ensorcelled Hibernat  Hex/Ice        66%          2%          2
c - Confusing Touch       Hex            37%          3%          3
d - Tukima's Dance        Hex            37%          3%          3

Your spell library contained the following spells:

 Spells                   Type           Power        Failure   Level
 Dazzling Flash           Conj/Hex       42%          22%         3
 Passwall                 Tmut/Erth      8%           36%         2
 Metabolic Englaciation   Hex/Ice        16%          41%         5
 Leda's Liquefaction      Hex/Erth       11%          47%         4
 Swiftness                Air            5%           58%         2
 Invisibility             Hex            37%          83%         6
 Silence                  Hex/Air        10%          89%         5
 Passage of Golubria      Tloc           N/A          99%         4
 Bolt of Magma            Conj/Fire/Erth 3%           100%        5
 Iskenderun's Battlesphe  Conj           5%           100%        5
 Lee's Rapid Deconstruct  Erth           4%           100%        5
 Iron Shot                Conj/Erth      3%           100%        6
 Orb of Destruction       Conj           2%           100%        7
 Spellforged Servitor     Conj/Summ      2%           100%        7
 Discord                  Hex            18%          100%        8


Dungeon Overview and Level Annotations

Branches:
Dungeon (14/15)            Temple (1/1) D:5            Lair (0/6) D:10
    Orc (0/2) D:11         Bailey (visited)         Gauntlet (visited)
 Vaults: D:13-14

Altars:
Ashenzari
Cheibriados
Dithmenos
Elyvilon
Fedhas
Gozag
Hepliaklqana
Kikubaaqudgha
Makhleb
Nemelex Xobeh
Okawaru
Qazlal
Ru
Sif Muna
Trog
Uskayaw
Vehumet
Wu Jian
Xom
Yredelemnul
Zin
The Shining One
Beogh

Shops:
D:4 }   D:6 (*![   D:13 [*

Portals:
Trove: D:10 (give 8 scrolls of fog)

Annotations:
D:7 2 runed translucent doors, puimuR's ghost, novice FoFE
D:13 3 runed translucent doors, Borgoz's ghost, journeyman GrBe
D:14 Roxanne


Innate Abilities, Weirdness & Mutations

You are very small and have problems with some larger weapons.
You are too small for most types of armour.
You have supernaturally acute eyesight. (SInv)
You cover ground extremely quickly.
Your muscles are strong. (Str +2)


Message History

The water elemental is severely damaged.
* * * LOW HITPOINT WARNING * * *
Your lungs strain for air!
You block the water elemental's attack.
You hit the water elemental.
The water elemental is severely damaged.
* * * LOW HITPOINT WARNING * * *
Your lungs strain for air!
You closely miss the water elemental.
The water elemental is severely damaged.
* * * LOW HITPOINT WARNING * * *
Your lungs strain for air!
You block the water elemental's attack.
You hit the water elemental.
The water elemental is severely damaged.
* * * LOW HITPOINT WARNING * * *
Your lungs strain for air!
You hit the water elemental but do no damage.
The water elemental is severely damaged.
You die...

##.....# #.#
#.....# #.#
##.....# #.##
.......####
#..#
##.....[..##
##.#
#.....##..###
#.#
#.....###...#
#.# #.(...#
###.###E#
#.....#
#..##@#
#######
##....#
######


You could see a water elemental.

Vanquished Creatures
  Rupert (D:12)
  2 boulder beetles (D:12)
  3 hydras
  Erolcha (D:11)
  8 two-headed ogres
  Sonja (D:10)
  An unseen horror (D:13)
  An orc sorcerer (Bailey)
  A manticore (D:10)
  3 ugly things
  3 cyclopes
  A kobold demonologist (Bailey)
  2 demonic crawlers (D:13)
  A guardian mummy (D:10)
  5 trolls
  6 slime creatures (D:13)
  Prince Ribbit (D:7)
  Sigmund (D:4)
  A vampire (D:13)
  2 wraiths (D:12)
  A basilisk (D:12)
  7 vampire mosquitoes
  Menkaure (D:5)
  Edmund (D:6)
  2 acid dragons (D:13)
  A water moccasin (D:10)
  2 sky beasts
  3 black bears
  26 orc warriors
  2 ice beasts
  A necrophage (D:7)
  12 ogres
  3 phantoms
  14 centaurs
  2 big kobolds (D:11)
  A gnoll sergeant (D:11)
  10 bullfrogs
  2 water moccasin zombies
  A wyvern zombie (D:12)
  5 scorpions
  12 killer bees
  A wight (D:11)
  4 electric eels
  2 howler monkeys (D:11)
  A centaur zombie (D:11)
  A lava snake (D:11)
  14 orc priests
  9 hounds
  5 jellies
  Crazy Yiuf (D:7)
  2 bullfrog skeletons
  6 centaur skeletons
  Jessica (D:2)
  6 worker ants
  13 orc wizards
  A hound zombie (D:9)
  A worker ant zombie (D:5)
  9 gnolls
  A howler monkey skeleton (D:10)
  10 adders
  2 shadow imps
  4 white imps
  7 ufetubi
  4 oozes
  2 adder skeletons
  3 worms
  6 dart slugs
  10 leopard geckos
  77 orcs
  2 ball pythons
  4 bats
  3 giant cockroaches
  17 goblins
  19 hobgoblins
  12 jackals
  10 kobolds
  4 quokkas
  2 frilled lizards
  A jackal skeleton (D:4)
  A leopard gecko zombie (D:7)
  8 rats
440 creatures vanquished.

Vanquished Creatures (others)
  An ufetubus (D:5)
  An orc (D:9)
  A kobold (D:6)
  21 plants
24 creatures vanquished.

Grand Total: 464 creatures vanquished

Notes
Turn   | Place    | Note
-------+----------+-------------------------------------------
     0 | D:1      | wakim the Spriggan Enchanter began the quest for the Orb.
     0 | D:1      | Reached XP level 1. HP: 9/9 MP: 5/5
   489 | D:1      | Reached skill level 5 in Stealth
   505 | D:1      | Reached XP level 2. HP: 13/13 MP: 6/6
   508 | D:1      | Learned a level 2 spell: Ensorcelled Hibernation
  1643 | D:1      | Reached XP level 3. HP: 16/16 MP: 0/8
  1955 | D:2      | Found a stormy altar of Qazlal.
  2037 | D:2      | Noticed Jessica
  2465 | D:2      | Reached skill level 6 in Stealth
  3305 | D:2      | Reached XP level 4. HP: 21/21 MP: 2/9
  4377 | D:3      | Learned a level 3 spell: Confusing Touch
  4660 | D:3      | Reached XP level 5. HP: 24/24 MP: 7/10
  5331 | D:2      | Killed Jessica
  5332 | D:2      | Reached skill level 7 in Stealth
  5802 | D:2      | Reached skill level 5 in Hexes
  5874 | D:4      | Reached XP level 6. HP: 25/28 MP: 8/11
  5992 | D:4      | Reached skill level 5 in Dodging
  6186 | D:4      | Noticed Sigmund
  6259 | D:4      | Killed Sigmund
  6260 | D:4      | Reached skill level 8 in Stealth
  6260 | D:4      | Reached skill level 1 in Ice Magic
  6260 | D:4      | Reached XP level 7. HP: 32/32 MP: 9/13
  6880 | D:4      | Found Yraosov's Gadget Shoppe.
  7121 | D:5      | Entered Level 5 of the Dungeon
  7159 | D:5      | Reached skill level 9 in Stealth
  7350 | D:5      | Noticed Menkaure
  7711 | D:5      | Reached XP level 8. HP: 36/36 MP: 12/15
  7938 | D:5      | Reached skill level 10 in Stealth
  8107 | D:5      | Killed Menkaure
  8136 | D:5      | Found a hide-covered altar of Uskayaw.
  8207 | D:5      | Found a staircase to the Ecumenical Temple.
  8312 | Temple   | Entered the Ecumenical Temple
  8361 | Temple   | Became a worshipper of Zin the Law-Giver
  8361 | Temple   | Reached * piety under Zin
  8361 | Temple   | Reached ** piety under Zin
  8491 | D:6      | Found Giamangu's Antique Armour Shop.
  8518 | D:6      | Noticed Edmund
  8530 | D:6      | Killed Edmund
  8531 | D:6      | Reached skill level 11 in Stealth
  8571 | D:6      | Found Wegracho's Distillery.
  8774 | D:6      | Found Jux Coe's Antique Weapon Boutique.
  9278 | D:5      | Reached skill level 5 in Short Blades
  9423 | D:6      | Found Ymoiwec's General Store.
  9481 | D:6      | Found an iron altar of Okawaru.
 10003 | D:6      | Reached skill level 12 in Stealth
 10054 | D:6      | Reached XP level 9. HP: 37/39 MP: 13/16
 10129 | D:6      | Gained mutation: Your muscles are strong. (Str +2) [potion
                  | of mutation]
 10249 | D:7      | Found a large runed translucent door.
 10255 | D:7      | Noticed Prince Ribbit
 10274 | D:7      | Killed Prince Ribbit
 10275 | D:7      | Reached skill level 1 in Invocations
 10472 | D:7      | Found a runed translucent door.
 10473 | D:7      | Noticed Crazy Yiuf
 10481 | D:7      | Killed Crazy Yiuf
 10582 | D:7      | Found a basalt altar of Yredelemnul.
 10582 | D:7      | Found a hide-covered altar of Uskayaw.
 10583 | D:7      | Found a sparkling altar of Nemelex Xobeh.
 10607 | D:7      | Found a large runed translucent door.
 10675 | D:7      | Reached *** piety under Zin
 10735 | D:7      | Noticed puimuR's ghost (novice FoFE)
 10924 | D:8      | Noticed a two-headed ogre
 11576 | D:8      | Reached skill level 13 in Stealth
 11995 | D:8      | Killed a two-headed ogre
 12126 | D:8      | Reached XP level 10. HP: 30/44 MP: 6/17
 12680 | D:9      | Found a burning altar of Makhleb.
 12681 | D:9      | Found a shimmering altar of Xom.
 12683 | D:9      | Found a sacrificial altar of Ru.
 12685 | D:9      | Found a shadowy altar of Dithmenos.
 12686 | D:9      | Found a glowing golden altar of the Shining One.
 12957 | D:9      | Reached skill level 10 in Dodging
 13163 | D:9      | Found a roughly hewn altar of Beogh.
 13453 | D:9      | Reached **** piety under Zin
 13936 | D:10     | Entered Level 10 of the Dungeon
 14010 | D:10     | Noticed Sonja
 14017 | D:10     | Killed Sonja
 14059 | D:10     | Found a staircase to the Lair.
 14103 | D:10     | Noticed a two-headed ogre
 14160 | D:10     | Killed a two-headed ogre
 14161 | D:10     | Reached skill level 14 in Stealth
 14390 | D:10     | Reached ***** piety under Zin
 14412 | D:10     | Found a portal to a secret trove of treasure.
 14649 | D:11     | Noticed a six-headed hydra
 14666 | D:11     | Noticed a two-headed ogre
 14680 | D:11     | Killed a six-headed hydra
 14681 | D:11     | Reached skill level 5 in Spellcasting
 14681 | D:11     | Reached XP level 11. HP: 48/48 MP: 10/19
 14681 | D:11     | Reached XP level 12. HP: 63/63 MP: 10/20
 14718 | D:11     | Killed a two-headed ogre
 14724 | D:11     | Noticed a two-headed ogre
 14725 | D:11     | Noticed a two-headed ogre
 14937 | D:11     | Noticed a yaktaur captain
 15112 | D:11     | Noticed a two-headed ogre
 15246 | D:10     | Killed a two-headed ogre
 15349 | D:11     | Killed a two-headed ogre
 15683 | D:10     | Killed a two-headed ogre
 16062 | D:10     | Reached skill level 10 in Short Blades
 16705 | D:11     | Reached ****** piety under Zin
 16760 | D:11     | Noticed Erolcha
 16781 | D:11     | Killed Erolcha
 17350 | D:11     | Found a staircase to the Orcish Mines.
 17360 | D:11     | Reached skill level 5 in Ice Magic
 18120 | D:12     | Reached skill level 5 in Invocations
 18143 | D:12     | Noticed a two-headed ogre
 18145 | D:12     | Noticed a six-headed hydra
 18160 | D:12     | Killed a six-headed hydra
 18161 | D:12     | Reached skill level 15 in Stealth
 18163 | D:12     | Killed a two-headed ogre
 18320 | D:12     | Noticed a two-headed ogre
 18353 | D:12     | Killed a two-headed ogre
 18354 | D:12     | Reached skill level 1 in Shields
 18449 | D:12     | Reached XP level 13. HP: 68/68 MP: 20/23
 18579 | D:12     | Noticed Rupert
 18925 | D:12     | Found a broken altar of Ashenzari.
 19098 | D:12     | Killed Rupert
 19280 | D:12     | Learned a level 3 spell: Tukima's Dance
 19374 | D:12     | Identified 2 scrolls of acquirement
 19374 | D:12     | Acquired wakim's Grimoire of the Oath and Weightlessness
 19435 | D:13     | Found a gate leading to a gauntlet.
 19500 | D:13     | Found a runed translucent gate.
 19501 | D:13     | Found a runed translucent gate.
 19511 | Gauntlet | Entered a Gauntlet
 19511 | Gauntlet | Found a transporter.
 19521 | Gauntlet | Found a transporter.
 19521 | Gauntlet | Found a transporter.
 19529 | Gauntlet | Found a transporter.
 19531 | Gauntlet | Found a transporter.
 19544 | Gauntlet | Found a transporter.
 19555 | Gauntlet | Found a transporter.
 19565 | Gauntlet | Found a transporter.
 19567 | Gauntlet | Noticed a blizzard demon
 19575 | Gauntlet | Found a transporter.
 19580 | Gauntlet | Found a transporter.
 19580 | Gauntlet | Found a transporter.
 19608 | Gauntlet | Found a transporter.
 19610 | Gauntlet | Found a transporter.
 19660 | Gauntlet | Found a transporter.
 19790 | Gauntlet | Found a runed translucent door.
 19815 | D:13     | Found an opulent altar of Gozag.
 19816 | D:13     | Found a runed translucent gate.
 19818 | D:13     | Found Ixkaomui's Assorted Antiques.
 19818 | D:13     | Noticed Borgoz's ghost (journeyman GrBe)
 20031 | D:13     | Found a flagged portal.
 20032 | D:13     | Found Cuepujum's Armour Shop.
 20037 | Bailey   | Entered a bailey
 20115 | Bailey   | Found an iron altar of Okawaru.
 20291 | Bailey   | Identified the cursed +0 swamp dragon scales "Sioteb"
                  | {rElec rPois Will+ Str+3}
 21374 | D:13     | Reached skill level 1 in Transmutations
 21746 | D:13     | Reached skill level 1 in Earth Magic
 22486 | D:14     | Noticed Roxanne
 22606 | D:13     | Drowned by a water elemental

Illustrated notes

Levels and vault maps discovered:
D:1:      lightli_arrival_noodles, layout_basic, minmay_pentomino_r2
D:2:      layout_basic, grunt_qazlal_clouds, uniq_jessica
D:3:      layout_loops_cross
D:4:      layout_basic, serial_shops, shop, uniq_sigmund
D:5:      layout_cave_pools, lemuel_temple_firewalk_b, basic_altar,
          uniq_menkaure
D:6:      layout_rooms, okawaru_altar_gauntlet_db, serial_shops, shop, shop,
          shop, shop, minmay_misc_feat_four_crosses,
          chequers_serial_rivers_micro_a, serial_bayou_crossing, uniq_edmund
D:7:      layout_loops_ring, gammafunk_temple_overflow_claw,
          ebering_ghost_disaster_area, uniq_crazy_yiuf_cottage,
          uniq_prince_ribbit1
D:8:      layout_basic
D:9:      layout_long_grid, grunt_temple_overflow_open, special_room
          [special_room_orc]
D:10:     layout_basic, dpeg_oklobed_lair, nicolae_trove_entry_path_of_doom,
          minmay_increasing_density, uniq_sonja
D:11:     nzn_winding_woodlands_small [nzn_winding_woodlands_5x15_split_checker,
          nzn_winding_woodlands_center_pierced_h,
          nzn_winding_woodlands_5x15_eye], layout_rooms,
          kennysheep_orc_monster_closet_entryway, nrook_pool_corridor,
          kennysheep_nondescript, kennysheep_donut, uniq_erolcha
D:12:     layout_roguey, hex_medium, chequers_hall_statues_wall_a,
          evilmike_ruin_ashenzari, uniq_rupert
D:13:     layout_rooms, ebering_ghost_gozag, gauntlet_entry_generic,
          enter_bailey_2, serial_shops, shop, minmay_misc_feat_chi,
          einodemon_crawler_minivault
D:14:     layout_basic, david_vaults_4, serial_rivers,
          chequers_serial_rivers_large_a, chequers_serial_rivers_micro_d,
          chequers_serial_rivers_small_3, chequers_serial_rivers_room_a,
          chequers_serial_rivers_micro_d, nicolae_water_bricks, uniq_nessos,
          uniq_roxanne
Temple:   nicolae_temple_god_jail

Skill      XL: |  1  2  3  4  5  6  7  8  9 10 11 12 13 |
---------------+----------------------------------------+-----
Stealth        | 5 6 7 8 9 12 13 14 15 | 15.8
Dodging        | 4 5 6 8 9 10 11 12 | 12.6
Hexes          | 4 5 6 7 8 9 |  9.6
Short Blades   | 2 3 5 7 9 10 | 10.0
Spellcasting   | 3 4 5 6 |  6.0
Ice Magic      | 1 2 3 5 7 |  7.1
Invocations    | 3 4 5 6 |  6.3
Fighting       | 7 8 |  8.0
Shields        | 1 2 |  2.7
Transmutations | 1 |  1.9
Earth Magic    | 1 |  1.2

Action                   |  1- 3 |  4- 6 |  7- 9 | 10-12 | 13-15 || total
-------------------------+-------+-------+-------+-------+-------++-------
Melee: Dagger            |    94 |    96 |   180 |   318 |   298 ||   986
 Cast: Corona            |     5 |       |       |       |       ||     5
       Ensorcelled Hiber |    40 |    62 |   107 |   217 |   145 ||   571
       Confusing Touch   |       |     3 |    15 |    16 |    14 ||    48
Invok: Recite            |       |       |     5 |     7 |     2 ||    14
       Vitalisation      |       |       |       |       |     1 ||     1
  Use: Scroll            |       |     1 |    11 |     4 |     4 ||    20
       Potion            |       |       |     8 |     1 |       ||     9
 Stab: Sleeping          |    24 |    37 |    73 |   128 |    83 ||   345
       Confused          |       |     2 |    14 |    23 |    17 ||    56
       Distracted        |       |       |     1 |     2 |     1 ||     4
       Invisible         |       |       |       |     1 |       ||     1
Armor: Robe              |     5 |     2 |     5 |     3 |     2 ||    17
       Swamp dragon scal |       |       |       |       |     8 ||     8
Dodge: Dodged            |    69 |    79 |   134 |   228 |   147 ||   657
Block: Other             |     2 |    21 |    45 |    54 |       ||   122
       Reflection        |       |     1 |     9 |     3 |     9 ||    22
       Buckler           |       |       |       |     9 |   130 ||   139
